 Dungeon Sprint DCSS version 0.27-a0-103-g6cd7b45605 (webtiles) character file.

Game seed: 13144147087450132153

14 mhtbhm the Gusty (level 2, -1/15 HPs)
             Began as a Deep Elf Air Elementalist on Jan 23, 2021.
             Slain by a worker ant (7 damage)
             ... in the Dungeon (Sprint IX: "|||||||||||||||||||||||||||||").
             The game lasted 00:01:09 (170 turns).

mhtbhm the Gusty (Deep Elf Air Elementalist)         Turns: 170, Time: 00:01:10

Health: -1/15      AC:  2    Str:  5    XL:     2   Next: 31%
Magic:  1/9        EV: 13    Int: 19    God:
Gold:   0          SH:  0    Dex: 15    Spells: 8/9 levels left

rFire    . . .     SeeInvis .   (no weapon)
rCold    . . .     Faith    .   (no shield)
rNeg     . . .     Spirit   .   a - +0 robe
rPois    .         Reflect  .   (no helmet)
rElec    .         Harm     .   (no cloak)
rCorr    .         Rampage  .   (no gloves)
Will     .....     NoTele   +   (no boots)
Stlth    ++........             (no amulet)
HPRegen  0.05/turn              (no ring)
MPRegen  0.11/turn              (no ring)

@: no status effects
A: no striking features
a: no special abilities


You were in the Dungeon.
You visited 1 branch

Inventory:

Armour
 a - a +0 robe (worn)
Scrolls
 h - a scroll of blinking
Potions
 c - a potion of curing
 e - a potion of haste
 f - 2 potions of magic
 g - a potion of berserk rage


   Skills:
 + Level 3.0 Dodging
 + Level 3.0 Stealth
 + Level 4.0 Spellcasting
 + Level 1.4 Conjurations
 + Level 4.7 Air Magic


You had 8 spell levels left.
You knew the following spells:

 Your Spells              Type           Power        Failure   Level
a - Shock                 Conj/Air       60%          3%          1

Your spell library contained the following spells:

 Spells                   Type           Power        Failure   Level
 Swiftness                Air            21%          3%          2
 Static Discharge         Conj/Air       15%          12%         3
 Airstrike                Air            10%          19%         4
 Lightning Bolt           Conj/Air       7%           71%         5


Dungeon Overview and Level Annotations

Branches:
Dungeon (1/1)

Altars:


Message History

Confirm with . or Enter, or press ? or * to list all spells.
Aiming: Shock (safe; 3% risk of failure)
Press: ? - help, Shift-Dir - straight line, f - worker ant
Aim: a worker ant (severely wounded, 29% to evade)
The zap hits the worker ant.
The worker ant is almost dead.
The worker ant bites you. The worker ant barely misses you.
Unknown command.
Unknown command.
There is a staircase leading out of the dungeon here.
You hit the worker ant but do no damage.
The worker ant is almost dead.
The worker ant closely misses you.
You closely miss the worker ant.
The worker ant is almost dead.
The worker ant barely misses you.
You hit the worker ant but do no damage.
The worker ant is almost dead.
The worker ant bites you!
You die... ▓▓▓▓▓▓▓▓▓▓▓▓▓▓▓▓▓▓ +.....†††)..†..B@▓ ▓▓▓▓▓▓▓▓▓▓▓▓▓▓▓▓▓▓

You could see a worker ant.

Vanquished Creatures
  A white imp (D)
  A bat skeleton (D)
  A goblin (D)
  A quokka (D)
  A bat (D)
  2 frilled lizards (D)
  2 rats (D)
9 creatures vanquished.

Notes
Turn   | Place    | Note
-------+----------+-------------------------------------------
     0 | D        | mhtbhm the Deep Elf Air Elementalist began the quest for
                  | the Orb.
     0 | D        | Reached XP level 1. HP: 10/10 MP: 6/6
   150 | D        | Noticed a worker ant
   158 | D        | Reached XP level 2. HP: 8/15 MP: 0/9
   170 | D        | Slain by a worker ant

Illustrated notes

Levels and vault maps discovered:
D:        linesprint [early_d, line_temple, items_1, d_10, items_2, lair_1,
          lair_end, items_3, orc_1, orc_end, items_4, d_15, swamp_1, shoals_1,
          snake_1, spider_1, d_20, vaults_1, items_5, swamp_end, shoals_end,
          snake_end, spider_end, vaults_end, d_27, items_6, zot_1, zot_end,
          crypt_end, forest_end, elf_end, slime_end, tomb_end, abyss_end,
          pan_hell_end]

Skill      XL: |  1 |
---------------+----+-----
Air Magic      | 4 |  4.7
Dodging        | 3 |  3.0
Stealth        | 3 |  3.0
Spellcasting   | 4 |  4.0
Conjurations   | |  1.4

Action                   || total
-------------------------++-------
Melee: Unarmed           ||     3
 Cast: Shock             ||     9
  Use: Potion            ||     1
Armor: Robe              ||     1
Dodge: Dodged            ||     9

Table legend: (Time is in decaauts)
 A = Elapsed time spent in this place.
 B = Non-inter-level travel time spent in this place.
 C = Inter-level travel time spent in this place.
 D = Time resting spent in this place.
 E = Time spent auto-exploring this place.
 F = Levels seen in this place.
 G = Mean time per level.
                   A        B        C        D        E       F      G
               +--------+--------+--------+--------+--------+-----+--------+
         Total |    170 |    170 |      0 |    136 |      3 |   1 |  170.0 |
       Dungeon |    170 |    170 |      0 |    136 |      3 |   1 |  170.0 |
               +--------+--------+--------+--------+--------+-----+--------+

Top non-repeatable levels by time:
       D: 170 daAuts
